AoeStats
← Herby

Arena

509270885Analyzed
4v4 RM · 7d ago on Sep 26, 2026· 46m 26s· 8 players
Game mode
Random Map
Map size
Large (8 player)
Population
200
Speed
Normal
Resources
Standard
Victory
Conquest
Starting age
Dark Age
Ending age
Imperial Age
RankedLock teamsTeams togetherTeam positionsShared explorationLock speedFull tech treeHidden civsTurbo modeCheats
Victory
Defeat
🇫🇷 Danes · France
1391
+16
🇺🇸 Bohemians · United States
1371
+16
🇺🇸 Persians · United States
1370
+16
🇲🇽 Gurjaras · Mexico
1344
+17
🇲🇽 Danes · Mexico
1423
-18
🇲🇽 Vikings · Mexico
1412
-18
🇦🇷 Cumans · Argentina
1350
-15
🇦🇷 Japanese · Argentina
1329
-14
Libra
11:31 Feudal Age
15:13 Castle Age
13:10 Double-Bit Axe
13:07 Horse Collar
16:39 Bow Saw
21:53 Loom
27:03 Fletching
28:44 Crossbowman
38:11 Padded Archer Armor
39:23 Fortified Wall
41:48 Heavy Plow
41:56 Bodkin Arrow
43:11 Chemistry
42:46 Ballistics
45:07 Redemption
46:43 Wheelbarrow
46:21 Town Watch
YuF
10:41 Feudal Age
15:12 Castle Age
13:12 Double-Bit Axe
13:34 Horse Collar
14:08 Scale Barding Armor
15:23 Forging
16:34 Wheelbarrow
17:27 Heavy Plow
20:42 Bow Saw
21:56 Bloodlines
22:22 Husbandry
24:05 Chain Barding Armor
25:40 Hand Cart
26:36 Stone Mining
29:42 Stone Shaft Mining
29:24 Gold Mining
29:59 Kshatriyas
30:54 Town Watch
30:57 Loom
31:48 Iron Casting
35:07 Imperial Age
33:39 Scale Mail Armor
33:26 Arson
34:00 Masonry
34:46 Gold Shaft Mining
35:05 Chain Mail Armor
34:41 Fletching
35:13 Ballistics
36:31 Plate Mail Armor
35:23 Elite Chakram Thrower
35:25 Siege Elephant
36:33 Conscription
36:56 Crop Rotation
37:37 Plate Barding Armor
37:01 Bodkin Arrow
40:22 Bracer
40:07 Heavy Camel Rider
41:09 Frontier Guards
41:56 Treadmill Crane
43:32 Architecture
44:14 Fortified Wall
3feng_2026
10:42 Feudal Age
14:33 Castle Age
13:00 Double-Bit Axe
13:31 Horse Collar
18:47 Bow Saw
23:33 Wheelbarrow
23:07 Husbandry
23:57 Bloodlines
27:39 Hand Cart
27:10 Loom
27:11 Town Watch
30:56 Gold Mining
32:33 Gold Shaft Mining
32:00 Heavy Plow
32:29 Scale Barding Armor
32:35 Forging
34:28 Chain Barding Armor
37:34 Imperial Age
35:48 Iron Casting
37:24 Cavalier
38:40 Plate Barding Armor
39:06 Blast Furnace
38:14 Stone Mining
39:47 Onager
40:27 Capped Ram
40:46 Savar
44:08 Siege Ram
45:26 Heavy Scorpion
47:22 Chemistry
The REAL Pepsiman
10:27 Feudal Age
9:49 Loom
15:46 Castle Age
16:20 Double-Bit Axe
30:38 Ballistics
30:25 Gold Mining
31:16 Wheelbarrow
36:08 Imperial Age
35:40 Fletching
35:52 Padded Archer Armor
36:13 Onager
36:50 Bodkin Arrow
36:46 Town Watch
37:01 Cranequins
40:59 Capped Ram
42:05 Hand Cart
41:51 Stone Mining
43:37 Scale Mail Armor
43:48 Forging
44:54 Conscription
44:02 Heavy Scorpion
[Pb] Komodo 3000
10:10 Feudal Age
14:04 Castle Age
12:41 Double-Bit Axe
13:37 Gold Mining
14:00 Horse Collar
18:06 Bow Saw
17:59 Heavy Plow
20:16 Scale Mail Armor
20:26 Squires
23:23 Loom
24:17 Chain Mail Armor
24:13 Forging
28:22 Iron Casting
34:44 Pikeman
WalterWhite
5:56 Loom
8:27 Feudal Age
9:36 Double-Bit Axe
10:33 Fletching
19:53 Castle Age
19:09 Horse Collar
19:19 Gold Mining
19:24 Man-at-Arms
20:07 Scale Mail Armor
20:43 Bodkin Arrow
25:16 Long Swordsman
27:47 Padded Archer Armor
29:07 Bow Saw
28:58 Heavy Plow
30:02 Leather Archer Armor
31:55 Wheelbarrow
31:52 Thumb Ring
33:12 Heavy Plow
33:47 Gold Shaft Mining
38:13 Imperial Age
35:30 Town Watch
38:28 Ballistics
38:21 Bloodlines
38:12 Husbandry
38:59 Scale Barding Armor
39:04 Bracer
40:05 Chemistry
39:32 Parthian Tactics
38:33 Heavy Cavalry Archer
41:02 Chain Barding Armor
41:26 Forging
41:47 Ring Archer Armor
41:43 Conscription
45:20 Iron Casting
46:42 Chain Mail Armor
47:27 Blast Furnace
JessePinkman
8:52 Feudal Age
9:29 Town Watch
10:09 Double-Bit Axe
18:10 Scale Mail Armor
24:46 Castle Age
24:03 Fletching
24:22 Gold Mining
24:13 Horse Collar
24:54 Pikeman
26:48 Chain Mail Armor
27:04 Capped Ram
28:40 Bodkin Arrow
29:35 Padded Archer Armor
30:36 Heavy Plow
30:52 Bow Saw
32:04 Loom
33:11 Wheelbarrow
37:10 Imperial Age
36:08 Forging
36:46 Ballistics
36:40 Masonry
37:00 Ballistics
37:32 Iron Casting
37:22 Halberdier
39:41 Scale Barding Armor
40:21 Crop Rotation
40:51 Two-Man Saw
40:37 Bloodlines
39:51 Light Cavalry
41:00 Conscription
40:47 Steppe Husbandry
42:30 Hussar
43:31 Chain Barding Armor
44:30 Hussar
Herby
10:52 Feudal Age
10:55 Loom
11:38 Double-Bit Axe
11:45 Gold Mining
16:11 Castle Age
18:01 Bow Saw
21:34 Imperial Age
22:32 Northmen's Fury
27:12 Capped Ram
39:19 Onager
Connection lost

Rejoining the realm…

Still unreachable

The connection could not be restored.

Session expired

The server has moved on; the page needs a fresh start.